 Dungeon Crawl Stone Soup version 0.19-a0-1111-gcceb26a (webtiles) character file.

14043 redmage the Fencer (level 11, -17/156 HPs)
             Began as a Minotaur Fighter on Aug 10, 2016.
             Was a High Priest of Makhleb.
             Killed from afar by an ice dragon (26 damage)
             ... with a blast of cold
             ... in an ice cave.
             The game lasted 00:51:32 (3972 turns).

redmage the Fencer (Minotaur Fighter)               Turns: 3972, Time: 00:51:32

Health: -17/156    AC: 25    Str: 21    XL:     11   Next: 83%
Magic:  12/12      EV:  2    Int: 10    God:    Makhleb [*****.]
Gold:   628        SH:  0    Dex: 18    Spells: 2 memorised, 8 levels left

rFire  . . .     SeeInvis .     a - +1 great sword
rCold  . . .     Gourm    .     (armour currently unavailable)
rNeg   + + +     Faith    .     (shield currently unavailable)
rPois  +         Spirit   .     (helmet currently unavailable)
rElec  .         Dismiss  .     (cloak currently unavailable)
rCorr  .         Reflect  .     (gloves currently unavailable)
SustAt .         Harm     .     (boots currently unavailable)
MR     .....     NoTele   +     (no amulet)
Stlth  +++.......               (no ring)
                                k - ring of poison resistance

@: brilliant, agile, tree-form
A: (retaliatory headbutt), (horns 0)
a: Minor Destruction, Lesser Servant of Makhleb, Major Destruction, Greater
Servant of Makhleb, Renounce Religion


You were in an ice cave.
You worshipped Makhleb.
Makhleb was extremely pleased with you.
You were full.
You were a tree.
You visited 3 branches of the dungeon, and saw 12 of its levels.
You visited the Abyss 1 time.
You also visited: Ice Cave.

You collected 628 gold pieces.

Inventory:

Hand Weapons
 a - a +1 great sword (weapon)
 b - a +0 short sword of venom
 h - the cursed +1 trident of Wannotoi {speed, MR+ Int+4 Dex+5}
   (You took it off an orc on level 7 of the Dungeon)

   Attacks with this weapon are significantly faster.
   It affects your intelligence (+4).
   It affects your dexterity (+5).
   It affects your resistance to hostile enchantments.
   It has a curse placed upon it.
 y - a +0 vampiric dagger
Armour
 c - a +0 shield
 g - a +0 plate armour
 n - a +2 scale mail of magic resistance (melded)
 u - a +0 pair of boots (melded)
 v - a +0 cloak (melded)
 w - a +0 pair of gloves (melded)
Jewellery
 k - a ring of poison resistance (left branch)
Wands
 d - a wand of iceblast (7/15)
 i - a wand of flame (29/48)
 o - a wand of acid (6/15)
 p - a wand of disintegration (8/24)
 r - a wand of teleportation (5/9)
 A - a wand of flame (39/48)
 B - a wand of disintegration (20/24)
 C - a wand of iceblast (5/15)
Scrolls
 e - a scroll of enchant weapon
 l - a scroll of fog
 z - 2 scrolls of immolation
 D - a scroll of recharging
Potions
 q - 3 potions of curing
 s - a potion of brilliance
 x - a potion of flight
 E - a potion of cancellation
Comestibles
 f - 6 bread rations
 m - 3 meat rations


   Skills:
 - Level 12.2 Fighting
 - Level 15.2 Long Blades
 - Level 7.8 Armour
 - Level 5.4 Dodging
 - Level 6.4 Shields
 + Level 3.9 Invocations


You had 8 spell levels left.
You knew the following spells:

 Your Spells              Type           Power        Failure   Level  Hunger
a - Apportation           Tloc           #.........   4%          1    ##.....
b - Summon Butterflies    Summ           #.......     4%          1    ##.....


Dungeon Overview and Level Annotations

Branches:
Dungeon (10/15)            Temple (1/1) D:4            Lair (1/6) D:10
    Orc: D:9-12

Altars:
Cheibriados
Dithmenos
Elyvilon
Kikubaaqudgha
Makhleb
Nemelex Xobeh
Pakellas
Ru
Sif Muna
Zin

Annotations:
D:10 Harold, Psyche


Innate Abilities, Weirdness & Mutations

((You reflexively headbutt those who attack you in melee.))
((You have a pair of horns on your head.))


Message History

The ice dragon bites you but does no damage.
The ice dragon claws you but does no damage.
The ice dragon barely misses you.
You slash the ice dragon!
The ice dragon is heavily wounded.
The ice dragon bites you but does no damage.
The ice dragon claws you but does no damage.
The ice dragon tramples you but does no damage.
You hit the ice dragon but do no damage.
The ice dragon is heavily wounded.
The ice dragon bites you but does no damage.
The ice dragon claws you but does no damage.
The ice dragon tramples you but does no damage.
The ice dragon bites you but does no damage.
The ice dragon barely misses you. x2
You hit the ice dragon.
The ice dragon is heavily wounded.
The ice dragon breathes frost at you. The blast of cold hits you!
You die...

###..##
##.##
#...##
##..#
###.###
#..##
##.#..#
##..#
#..##.##
##.##
#...#..#
#.#.#
##.#...##
##.##
#..#####
#..#
#.D♣#
##.##
#.D##
#..# #.##
#.## #..#
#..##
#..D.
#.#.#
##....$
##.##
.D...$#
#.##
.....$#
##.#
#...$$#
#..##


You could see 2 ice dragons.

Vanquished Creatures
  A tentacled starspawn (Abyss:1)
  A very ugly thing (Abyss:1)
  A great orb of eyes (Abyss:1)
  An anaconda zombie (Abyss:1)
  Pikel (D:9)
  2 ice statues (IceCv)
  2 ice devils (Lair:1)
  2 rime drakes (IceCv)
  A two-headed ogre (D:8)
  4 raiju (Abyss:1)
  A spriggan (D:7)
  4 yaks
  3 hungry ghosts
  2 hippogriffs
  A hydra simulacrum (Abyss:1)
  A water moccasin (D:5)
  5 porcupines (Lair:1)
  4 orc warriors
  A slave (D:9)
  2 black bears
  A necrophage (D:10)
  3 sky beasts
  3 ogres
  19 ice beasts
  3 centaurs
  A small abomination (Abyss:1)
  A crocodile (Lair:1)
  A big kobold (D:10)
  5 giant frogs
  A scorpion (D:9)
  9 killer bees
  2 wights
  4 crimson imps
  4 hounds
  3 jellies
  Ijyb (D:3)
  7 worker ants
  4 orc wizards
  11 sheep (Lair:1)
  4 adders
  An adder zombie (D:6)
  A worm (D:4)
  2 giant geckos
  27 orcs
  7 bats
  2 giant cockroaches (D:3)
  A hobgoblin (D:1)
  2 jackals (D:3)
  A quokka (D:7)
  A giant gecko zombie (D:6)
  2 giant newts
  A goblin (D:3)
  3 kobolds (D:10)
  2 rats (D:10)
  A starspawn tentacle (Abyss:1)
181 creatures vanquished.

Vanquished Creatures (others)
  3 fungi (D:10)
  11 starspawn tentacles (Abyss:1)
14 creatures vanquished.

Grand Total: 195 creatures vanquished

Notes
Turn   | Place    | Note
-------+----------+-------------------------------------------
     0 | D:1      | redmage the Minotaur Fighter began the quest for the Orb.
     0 | D:1      | Reached XP level 1. HP: 19/19 MP: 0/0
   272 | D:3      | Reached XP level 2. HP: 27/27 MP: 1/1
   293 | D:4      | Found a staircase to the Ecumenical Temple.
   296 | Temple   | Entered the Ecumenical Temple
   311 | Temple   | Became a worshipper of Makhleb the Destroyer
   344 | D:4      | Noticed an ogre
   374 | D:4      | Killed an ogre
   374 | D:4      | Reached skill level 3 in Long Blades
   374 | D:4      | Reached XP level 3. HP: 14/34 MP: 2/2
   374 | D:4      | Reached XP level 4. HP: 17/41 MP: 3/3
   418 | D:5      | Entered Level 5 of the Dungeon
   474 | D:4      | Reached skill level 1 in Dodging
   481 | D:4      | Reached XP level 5. HP: 28/47 MP: 4/4
   539 | D:4      | Reached skill level 5 in Shields
   545 | D:3      | Noticed Ijyb
   548 | D:3      | Killed Ijyb
   561 | D:4      | Found a snail-covered altar of Cheibriados.
   580 | D:5      | Reached skill level 5 in Fighting
   624 | D:5      | Noticed a water moccasin
   632 | D:5      | Killed a water moccasin
   632 | D:5      | Reached skill level 4 in Long Blades
   632 | D:5      | Reached skill level 5 in Armour
   632 | D:5      | Reached XP level 6. HP: 38/56 MP: 5/5
   689 | D:6      | Learned a level 1 spell: Apportation
   691 | D:6      | Learned a level 1 spell: Summon Butterflies
   774 | D:7      | Reached XP level 7. HP: 34/61 MP: 6/6
   794 | D:6      | Reached * piety under Makhleb
   814 | D:6      | Reached skill level 5 in Long Blades
  1084 | D:7      | Found a shadowy altar of Dithmenos.
  1105 | D:7      | Noticed a hill giant
  1231 | D:6      | Reached skill level 6 in Long Blades
  1237 | D:6      | Reached XP level 8. HP: 26/71 MP: 7/7
  1320 | D:7      | Found a glowing silver altar of Zin.
  1320 | D:7      | Found a white marble altar of Elyvilon.
  1346 | D:7      | Reached skill level 7 in Long Blades
  1386 | D:7      | Noticed a troll
  1479 | D:7      | Reached skill level 8 in Long Blades
  1547 | D:6      | Reached ** piety under Makhleb
  1590 | D:7      | Got a crude trident {speed}
  1591 | D:7      | Identified the cursed +1 trident of Wannotoi {speed, MR+ Int+4 Dex+5} (You took it off an orc on level 7 of the Dungeon)
  1668 | D:7      | Reached skill level 9 in Long Blades
  1717 | D:8      | Reached XP level 9. HP: 68/81 MP: 8/8
  1758 | D:9      | Noticed a troll
  1814 | D:8      | Reached skill level 10 in Long Blades
  1854 | D:8      | Noticed a hornet
  1854 | D:8      | Noticed a deep elf mage
  1854 | D:8      | Noticed a white very ugly thing
  1931 | D:8      | Found a sacrificial altar of Ru.
  2061 | D:8      | HP: 3/83 [troll (7)]
  2093 | D:8      | Reached skill level 11 in Long Blades
  2309 | D:10     | Entered Level 10 of the Dungeon
  2374 | D:9      | Reached *** piety under Makhleb
  2398 | D:9      | Noticed Pikel
  2414 | D:9      | Killed Pikel
  2414 | D:9      | Reached skill level 10 in Fighting
  2414 | D:9      | Reached skill level 12 in Long Blades
  2416 | D:9      | Found an ancient bone altar of Kikubaaqudgha.
  2437 | D:9      | Reached XP level 10. HP: 58/92 MP: 9/9
  2835 | D:10     | Noticed a hill giant
  3160 | D:10     | Noticed Psyche
  3181 | D:10     | Reached **** piety under Makhleb
  3183 | D:10     | Reached skill level 13 in Long Blades
  3218 | D:10     | HP: 2/93 [something (6)]
  3220 | D:10     | Cast into level 1 of the Abyss (Psyche)
  3224 | Abyss:1  | Found a corrupted altar of Lugonu.
  3316 | Abyss:1  | Noticed a great orb of eyes
  3333 | Abyss:1  | Paralysed by a great orb of eyes for 4 turns
  3339 | Abyss:1  | Noticed a starcursed mass
  3344 | Abyss:1  | Killed a great orb of eyes
  3416 | Abyss:1  | Noticed a tentacled starspawn
  3418 | Abyss:1  | Noticed a green very ugly thing
  3460 | Abyss:1  | Killed a green very ugly thing
  3460 | Abyss:1  | Reached skill level 14 in Long Blades
  3460 | Abyss:1  | Reached XP level 11. HP: 53/104 MP: 10/10
  3472 | Abyss:1  | Killed a tentacled starspawn
  3472 | Abyss:1  | Reached skill level 15 in Long Blades
  3478 | D:10     | Escaped the Abyss
  3502 | D:10     | Found a staircase to the Lair.
  3505 | D:10     | Noticed Harold
  3512 | Lair:1   | Entered Level 1 of the Lair of Beasts
  3598 | Lair:1   | Reached skill level 1 in Invocations
  3635 | Lair:1   | Found a frozen archway.
  3655 | IceCv    | Entered an ice cave
  3773 | IceCv    | Reached ***** piety under Makhleb
  3827 | IceCv    | Reached skill level 5 in Dodging
  3958 | IceCv    | Noticed an ice dragon
  3958 | IceCv    | Noticed an ice dragon
  3967 | IceCv    | HP: 5/104 [ice dragon (1)]
  3972 | IceCv    | Killed from afar by an ice dragon

Vault maps used:
D:1:      lightli_arrival_lavapool, serial_corexii_hall, corexii_hall_statues_i,
          corexii_hall_statues_l
D:3:      xom_teletrap_fun, gup_sewer_entry_glass, minmay_misc_feat_pillars,
          uniq_terence, uniq_iyjb, uniq_sigmund
D:4:      black_bear_nest_1, marbit_many_paths, kennysheep_mini, first_bread,
          wad_floor_pattern_1
D:5:      nicolae_ossuary_entry_plus, uniq_blork_the_orc
D:7:      minmay_cornered_nines, grunt_dithmenos_smoke_and_mirrors, minitemple,
          the_bakery
D:8:      nicolae_ru_awakened_eye, minmay_the_grid_4x2
D:9:      kiku_gazebo_pond_becter, minmay_stone_trees_medium, uniq_pikel
D:10:     grunt_lair_entry_orc_guard_hut, orc_0_dummy, uniq_harold, uniq_psyche
Temple:   jpeg_temple_clearing
Lair:1:   portal_ice_cave_demonic_guard, beast_lair_carwin_7
Abyss:1:  evilmike_abyss_exit_5
IceCv:    ice_cave_small_dragons

Skill      XL: |  1  2  3  4  5  6  7  8  9 10 11 |
---------------+----------------------------------+-----
Fighting       | 4 5 6 8 10 11 12 | 12.2
Long Blades    | 3 4 6 9 12 14 15 | 15.2
Armour         | 4 5 7 |  7.8
Shields        | 4 5 6 |  6.4
Dodging        | 1 2 5 |  5.4
Invocations    | 3 |  3.9

Action                   |  1- 3 |  4- 6 |  7- 9 | 10-12 || total
-------------------------+-------+-------+-------+-------++-------
Melee: Long sword        |    22 |   110 |   151 |       ||   283
       Headbutt          |     3 |    17 |    57 |    68 ||   145
       Great sword       |       |       |   137 |   328 ||   465
  Use: Scroll            |       |       |    17 |     6 ||    23
       Potion            |       |       |     1 |    11 ||    12
  Eat: Chunk             |       |       |     5 |     1 ||     6
       Beef jerky        |       |       |     2 |     1 ||     3
       Meat ration       |       |       |     1 |     1 ||     2
       Pizza             |       |       |     1 |       ||     1
       Bread ration      |       |       |       |     1 ||     1
Armor: Scale mail        |    10 |    40 |    75 |   133 ||   258
       Chain mail        |     3 |       |    41 |       ||    44
       Skin              |       |       |       |    11 ||    11
Dodge: Dodged            |     4 |    29 |   129 |   134 ||   296
Block: Shield            |    14 |    42 |    42 |       ||    98
